 Dungeon Crawl Stone Soup version 0.31-a0-152-g6aa68a64a1 (webtiles) character file.

Game seed: 4744656517819754960

95 qw the Shooter (level 4, -8/28 HPs)
             Began as a Gargoyle Hunter on June 10, 2023.
             Mangled by an ogre
             ... wielding a +0 giant club
              (21 damage)
             ... on level 4 of the Dungeon.
             The game lasted 00:00:32 (1329 turns).

qw the Shooter (Gargoyle Hunter)                    Turns: 1329, Time: 00:00:32

Health: -8/28      AC:  8    Str: 14    XL:     4   Next: 65%
Magic:  4/4        EV: 10    Int: 10    God:
Gold:   45         SH:  0    Dex: 15    Spells: 3/3 levels left

rFire   . . .        Y - +2 shortbow
rCold   . . .        (shield currently unavailable)
rNeg    + . .        e - +0 ring mail
rPois   inf          (no helmet)
rElec   +            (no cloak)
rCorr   .            (no gloves)
SInv    .            (no boots)
Will    .....        (no amulet)
Stlth   +            (no ring)
HPRegen 0.24/turn    (no ring)
MPRegen 0.09/turn

%: no passive effects
@: no status effects
A: sickness immunity, AC +3, negative energy resistance 1, electricity
resistance, torment resistance 1, petrification resistance
a: no special abilities


You were on level 4 of the Dungeon.
You visited 1 branch of the dungeon, and saw 3 of its levels.

You collected 45 gold pieces.


Innate Abilities, Weirdness & Mutations

You are immune to sickness and miasma.
Your stone body is resilient. (AC +3)
You are immune to poison.
You resist negative energy. (rN+)
You are resistant to electric shocks. (rElec)
You are resistant to unholy torment.
You are immune to petrification.


   Skills:
 - Level 3.1 Fighting
 + Level 5.3 Ranged Weapons
 - Level 1.0 Armour
 - Level 1.5 Dodging
 - Level 1.1 Stealth


You had 3 spell levels left.
You didn't know any spells.
Your spell library was empty.

Inventory:

Hand Weapons
 Y - a +2 shortbow (weapon)
Armour
 e - a +0 ring mail (worn)
 h - the +2 robe of the Trout {Harm Slay+3}
   (You found it on level 2 of the Dungeon)

   Slay:      It affects your accuracy & damage with ranged weapons and melee
   (+3).
   Harm:      It increases damage dealt and taken.
Jewellery
 l - a +6 ring of strength
Scrolls
 b - a scroll of torment {unknown}
 c - a scroll of fear {unknown}
 g - a scroll of blinking {unknown}
 m - a scroll of immolation {unknown}
Potions
 a - a potion of lignification {unknown}
 f - a potion of curing
 i - a potion of brilliance {unknown}
 j - a potion of haste {unknown}
 k - a potion of resistance {unknown}

Dungeon Overview and Level Annotations

Branches:
Dungeon (4/15)
 Temple: D:4-7

Altars:

Shops:
D:2 =


Message History

The hound barely misses you.
You shoot an arrow. The arrow hits the hound.
The hound is almost dead.
The hound bites you. The hound barely misses you.
You shoot an arrow. The arrow hits the hound.
You kill the hound!
You start resting.
HP restored.
There is a stone staircase leading down here.
A ball python comes into view.
You shoot an arrow. The arrow hits the ball python.
The ball python is moderately wounded.
You hear a shout!
You shoot an arrow.
The arrow closely misses the ball python.
You shoot an arrow. The arrow hits the ball python.
You kill the ball python!
An ogre comes into view. It is wielding a +0 giant club.
You shoot an arrow. The arrow hits the ogre.
The ogre is lightly wounded.
You shoot an arrow. The arrow hits the ogre!
The ogre is heavily wounded.
The ogre hits you with a +0 giant club!
You shoot an arrow. The arrow hits the ogre.
The ogre is heavily wounded.
The ogre hits you with a +0 giant club!
1326 ||| DRINKING potion of heal wounds.
You feel much better. The ogre barely misses you.
You shoot an arrow. The arrow hits the ogre.
The ogre is heavily wounded.
The ogre hits you with a +0 giant club!
Ouch! That really hurt!
You shoot an arrow. The arrow hits the ogre.
The ogre is heavily wounded.
You shoot an arrow. The arrow hits the ogre.
The ogre is severely wounded.
The ogre hits you with a +0 giant club!!
Ouch! That really hurt!
You die...

..####. ...#..
###..# .....#
###....# .....#
......#
.....+.# .....#
.....#...##
....#
....##.....##
...# ...##
.......###O.#
..##
..........@.#
'##
######.###.# .#
#.....# .#
#.#####
.############.#
..#........##.#
....##..>.....#
..#.##.###.####
.......# #.#


You could see an ogre.

Vanquished Creatures
  A hound (D:4)
  3 adders (D:2)
  2 dart slugs
  2 bats
  2 endoplasms
  2 giant cockroaches (D:2)
  A goblin (D:2)
  2 hobgoblins
  4 jackals (D:1)
  A kobold (D:2)
  3 quokkas
  7 ball pythons
  5 frilled lizards
  A rat (D:1)
36 creatures vanquished.

Notes
Turn   | Place    | Note
-------+----------+-------------------------------------------
     0 | D:1      | qw the Gargoyle Hunter began the quest for the Orb.
     0 | D:1      | Reached XP level 1. HP: 12/12 MP: 1/1
     0 | D:1      | 0 ||| qw: Version: 0.2-a-29-g0080da8
     0 | D:1      | 0 ||| qw: Game counter: 3825
     0 | D:1      | 0 ||| qw: Always use a shield: true
     0 | D:1      | 0 ||| qw: God list: Okawaru
     0 | D:1      | 0 ||| qw: Allow faded altars: false
     0 | D:1      | 0 ||| qw: Do Orc after D:15 true
     0 | D:1      | 0 ||| qw: Do second Lair branch before Depths: true
     0 | D:1      | 0 ||| qw: Lair rune preference: random
     0 | D:1      | 0 ||| qw: Plans: Normal, Zot:1-4, Slime:5, God:TSO, Crypt,
                  | Tomb, Abyss, Pan, Hells, Win
     0 | D:1      | 0 ||| PLANNING D:1-11
   119 | D:1      | Reached XP level 2. HP: 17/17 MP: 2/2
   673 | D:1      | 673 ||| UPGRADING to +0 ring mail.
   683 | D:1      | 683 ||| DROPPING +0 leather armour.
   684 | D:1      | 684 ||| READING scroll labelled GEGRUI TYEPH.
   685 | D:1      | 685 ||| READING 2 scrolls labelled MOPAIF NEEG.
   686 | D:1      | 686 ||| READING scroll of enchant weapon.
   686 | D:1      | 686 ||| ENCHANTING +1 shortbow.
   687 | D:1      | 687 ||| READING scroll labelled YTOCRI TITHO.
   692 | D:1      | 692 ||| DRINKING 2 smoky white potions.
   693 | D:1      | 693 ||| DRINKING 2 golden potions.
   694 | D:1      | 694 ||| DROPPING scroll of butterflies.
   915 | D:2      | Reached skill level 1 in Armour
   915 | D:2      | Reached XP level 3. HP: 21/21 MP: 3/3
   932 | D:2      | Found Itad's Jewellery Shop.
   940 | D:2      | 940 ||| SHOPLISTING +4 ring of protection (432 gold, have
                  | 20).
   940 | D:2      | 940 ||| SHOPLISTING +6 ring of dexterity (432 gold, have
                  | 20).
   940 | D:2      | 940 ||| SHOPLISTING +6 ring of strength (432 gold, have
                  | 20).
   940 | D:2      | 940 ||| SHOPLISTING amulet of reflection (360 gold, have
                  | 20).
   940 | D:2      | 940 ||| SHOPLISTING ring of Pepaan {*Corrode rC+++ rN+
                  | Str-3 Dex+6} (843 gold, have 20).
   940 | D:2      | 940 ||| SHOPLISTING ring of Wuymmyss {Fire Will+ Str+3}
                  | (526 gold, have 20).
   940 | D:2      | 940 ||| SHOPLISTING ring of protection from cold (300 gold,
                  | have 20).
   940 | D:2      | 940 ||| SHOPLISTING ring of willpower (300 gold, have 20).
  1011 | D:2      | Reached skill level 5 in Ranged Weapons
  1022 | D:2      | Identified the +2 robe of the Trout {Harm Slay+3}
  1150 | D:2      | Reached XP level 4. HP: 27/27 MP: 4/4
  1186 | D:2      | Reached skill level 3 in Fighting
  1259 | D:2      | You fall into a shaft and drop 2 floors!
  1322 | D:4      | Noticed an ogre
  1325 | D:4      | HP: 5/28 [ogre/+0 giant club (13)]
  1326 | D:4      | 1326 ||| DRINKING potion of heal wounds.
  1329 | D:4      | Mangled by an ogre

Levels and vault maps discovered:
D:1:      lemuel_arrival_behind_the_door_small, layout_loops_cross, fountainhead
D:2:      layout_loops_corners, serial_shops, nicolae_shop_gaudy_bauble
D:4:      layout_loops_corners, mainiacjoe_overflow_alcove_1,
          minmay_misc_feat_roman, minmay_unequal

Skill      XL: |  1  2  3  4 |
---------------+-------------+-----
Armour         | 1 |  1.0
Ranged Weapons | 5 |  5.3
Fighting       | 3 |  3.1
Dodging        | |  1.5
Stealth        | |  1.1

Action                     |  1- 3 |  4- 6 || total
---------------------------+-------+-------++-------
   Fire: Shortbow          |    99 |    19 ||   118
    Use: Scroll            |     4 |       ||     4
         Potion            |     2 |     1 ||     3
 Armour: Leather armour    |    13 |       ||    13
         Ring mail         |     3 |     3 ||     6
  Dodge: Dodged            |    24 |     5 ||    29

Table legend:
 A = Non-vault XP
 B = Vault XP
 C = Vault XP percentage of total XP
 D = Non-vault monster count
 E = Vault monster count
 F = Vault count percentage of total count
                 A         B        C        D         E       F
            +---------+---------+-------+---------+---------+-------
      Total |     135 |       1 |   0.7 |      35 |       1 |   2.8
            +---------+---------+-------+---------+---------+-------
        D:1 |      25 |       0 |   0.0 |      14 |       0 |   0.0
        D:2 |      70 |       0 |   0.0 |      20 |       0 |   0.0
        D:4 |      40 |       1 |   2.4 |       1 |       1 |  50.0
            +---------+---------+-------+---------+---------+-------
